 Dungeon Crawl Stone Soup version 0.23-a0-121-g4413648 (webtiles) character file.

395 Amnesiac the Gusty (level 6, -2/41 HPs)
             Began as a Mummy Air Elementalist on Aug 25, 2018.
             Was a Follower of Dithmenos.
             Slain by Duvessa
             ... wielding a +0 short sword
              (8 damage)
             ... on level 4 of the Dungeon.
             The game lasted 00:06:06 (3907 turns).

Amnesiac the Gusty (Mummy Air Elementalist)         Turns: 3907, Time: 00:06:07

Health: -2/41      AC:  5    Str: 11    XL:     6   Next: 52%
Magic:  7/13       EV: 12    Int: 17    God:    Dithmenos [*.....]
Gold:   211        SH:  0    Dex: 12    Spells: 3/15 levels left

rFire    . . .     SeeInvis .   e - +0 dagger (venom)
rCold    . . .     Gourm    .   (no shield)
rNeg     + + +     Faith    .   a - +0 robe
rPois    ∞         Spirit   .   l - +0 helmet
rElec    .         Reflect  .   f - +0 cloak
rCorr    .         Harm     +   j - +0 pair of gloves
MR       .....                  (no boots)
Stlth    ++........             d - amulet of harm
HPRegen  0.13/turn              c - ring of fire
MPRegen  0.13/turn              (no ring)

@: very slightly contaminated, wreathed by umbra
A: no food or potions, fire vulnerability, cold resistance 1, negative energy
resistance 3, torment resistance, unbreathing
a: Renounce Religion


You were on level 4 of the Dungeon.
You worshipped Dithmenos.
Dithmenos was aware of your devotion.
You were not hungry.

You visited 2 branches of the dungeon, and saw 5 of its levels.
You also visited: Sewer.

You collected 211 gold pieces.

Inventory:

Hand Weapons
 e - a +0 dagger of venom (weapon)
Armour
 a - a +0 robe (worn)
 f - a +0 cloak (worn)
 j - a +0 pair of gloves (worn)
 l - a +0 helmet (worn)
Jewellery
 c - a ring of fire (left hand)
 d - an amulet of harm (around neck)
Wands
 i - a wand of enslavement (9)
 o - a wand of iceblast (9)
Scrolls
 b - 3 scrolls of identify {!r}
 g - 2 scrolls of remove curse {!r}
 h - a scroll of immolation {!r}
 k - a scroll of teleportation {!r}
 m - a scroll of enchant armour {!r}
 n - 2 scrolls of fear {!r}


   Skills:
 - Level 1.5 Dodging
 - Level 1.5 Stealth
 + Level 5.2 Spellcasting
 - Level 0.7 Conjurations
 * Level 5.3 Air Magic


You had 3 spell levels left.
You knew the following spells:

 Your Spells              Type           Power        Failure   Level  Hunger
a - Shock                 Conj/Air       ##..         4%          1    N/A
b - Lightning Bolt        Conj/Air       ##........   75%         5    N/A
d - Airstrike             Air            ###.......   16%         4    N/A
z - Swiftness             Chrm/Air       ##......     7%          2    N/A

Your spell library contained the following spells:

 Spells                   Type           Power        Failure   Level  Hunger
 Static Discharge         Conj/Air       ##......     12%         3    N/A

Dungeon Overview and Level Annotations

Branches:
Dungeon (4/15)             Temple (1/1) D:4

Altars:
Dithmenos
Elyvilon
Fedhas
Kikubaaqudgha
Makhleb
Nemelex Xobeh
Okawaru
Qazlal
Ru
Sif Muna
Trog
Uskayaw
Vehumet
Wu Jian
Xom
Yredelemnul
Zin
The Shining One

Shops:
D:4 :}(%

Annotations:
D:4 Dowan, Duvessa


Innate Abilities, Weirdness & Mutations

You do not eat or drink.
Your flesh is vulnerable to fire.
You are immune to poison.
Your flesh is cold resistant. (rC+)
You are immune to negative energy. (rN+++)
You are immune to unholy pain and torment.
You can survive without breathing.


Message History

Dowan hits you but does no damage.
There are monsters nearby!
You closely miss Dowan.
Dowan is heavily wounded.
Casting: Shock (safe; 4% risk of failure)
Confirm with . or Enter, or press ? or * to list all spells.
Aiming: Shock (safe; 4% risk of failure)
Press: ? - help, Shift-Dir - straight line, f/p - Dowan
Aim: Dowan, wielding a dagger and wearing a robe (heavily wounded)
The zap hits Duvessa.
Duvessa appears unharmed.
Duvessa is moderately wounded.
The zap hits Dowan.
Dowan is severely wounded.
There are monsters nearby!
You hit Duvessa but do no damage.
Duvessa is poisoned.
Duvessa is moderately wounded.
Duvessa hits you with a short sword!
* * * LOW HITPOINT WARNING * * *
Casting: Shock (safe; 4% risk of failure)
Confirm with . or Enter, or press ? or * to list all spells.
Aiming: Shock (safe; 4% risk of failure)
Press: ? - help, Shift-Dir - straight line, f/p - Dowan
Aim: Dowan, wielding a dagger and wearing a robe (severely wounded)
The zap hits Duvessa.
Duvessa is moderately wounded.
The zap hits Dowan.
Dowan is almost dead.
Dowan mumbles some strange words.
Dowan blinks!
Duvessa hits you with a short sword.
* * * LOW HITPOINT WARNING * * *
There are monsters nearby!
You hit Duvessa.
Duvessa is heavily wounded.
Duvessa gestures with her weapon.
Duvessa closely misses you.
Casting: Shock (safe; 4% risk of failure)
Confirm with . or Enter, or press ? or * to list all spells.
Aiming: Shock (safe; 4% risk of failure)
Press: ? - help, Shift-Dir - straight line, f/p - Dowan
Aim: Dowan, wielding a dagger and wearing a robe (almost dead)
The zap hits Duvessa.
Duvessa is heavily wounded.
The zap hits Dowan.
Dowan is almost dead.
Dowan gestures at Duvessa while chanting.
Duvessa seems to speed up.
Duvessa hits you with a short sword.
* * * LOW HITPOINT WARNING * * *
There are monsters nearby!
You hit Duvessa but do no damage.
Duvessa is heavily wounded.
Duvessa hits you with a short sword.
* * * LOW HITPOINT WARNING * * *
Duvessa hits you but does no damage.
Casting: Shock (safe; 4% risk of failure)
Confirm with . or Enter, or press ? or * to list all spells.
Aiming: Shock (safe; 4% risk of failure)
Press: ? - help, Shift-Dir - straight line, f/p - Dowan
Aim: Dowan, wielding a dagger and wearing a robe (almost dead)
The zap hits Duvessa.
Duvessa appears unharmed.
Duvessa is heavily wounded.
The zap misses Dowan.
Duvessa hits you with a short sword.
* * * LOW HITPOINT WARNING * * *
Duvessa hits you with a short sword!
You die...

##### #... ####.#########
############.!..@e.e.....
................########.
................#
...#########....# #..#
####.# ...# #.# .
...###### #.# 8.
##......# #.# ..⌠
##......# #.##########.
##8.


You could see Duvessa and Dowan.

Vanquished Creatures
  Purgy (Sewer)
  A hound (D:4)
  An orc priest (D:3)
  A bullfrog skeleton (D:3)
  A worker ant (D:3)
  A hound skeleton (D:4)
  4 adders
  3 gnolls (D:4)
  2 worms (D:2)
  3 dart slugs
  5 leopard geckos
  10 orcs
  A ball python (D:4)
  11 bats
  8 giant cockroaches
  6 goblins
  9 hobgoblins
  2 jackals (D:1)
  A quokka (D:2)
  5 frilled lizards
  7 kobolds
  5 rats
88 creatures vanquished.

Notes
Turn   | Place    | Note
-------+----------+-------------------------------------------
     0 | D:1      | Amnesiac the Mummy Air Elementalist began the quest for the Orb.
     0 | D:1      | Reached XP level 1. HP: 13/13 MP: 4/4
   269 | D:2      | Reached XP level 2. HP: 17/19 MP: 0/5
   273 | D:2      | Learned a level 2 spell: Swiftness
   345 | D:2      | Found an iron altar of Okawaru.
   651 | D:2      | Found an ornate altar of the Wu Jian Council.
   662 | D:2      | Reached XP level 3. HP: 19/24 MP: 0/7
   967 | D:3      | Found a glowing drain.
  1096 | Sewer    | Entered a sewer
  1210 | Sewer    | Noticed Purgy
  1224 | Sewer    | Killed Purgy
  1224 | Sewer    | Reached XP level 4. HP: 10/30 MP: 0/10
  1224 | Sewer    | Reached XP level 5. HP: 12/35 MP: 0/11
  1230 | Sewer    | Learned a level 4 spell: Airstrike
  1236 | Sewer    | Learned a level 5 spell: Lightning Bolt
  1441 | D:4      | Found Icaecy's Gadget Shop.
  1448 | D:4      | Found Qeoshr Xyge's Book Shoppe.
  1497 | D:4      | Found a staircase to the Ecumenical Temple.
  1579 | Temple   | Entered the Ecumenical Temple
  1672 | Temple   | Became a worshipper of Dithmenos the Shadowed
  2225 | D:1      | You fall through a shaft!
  2291 | D:2      | Noticed a balrug
  2292 | D:2      | Found a burning altar of Makhleb.
  2295 | D:2      | Found a glowing silver altar of Zin.
  2296 | D:2      | Noticed an angel
  2936 | D:3      | Found a blossoming altar of Fedhas.
  2942 | D:3      | Reached XP level 6. HP: 39/41 MP: 8/13
  2964 | D:3      | Reached * piety under Dithmenos
  2970 | D:3      | Reached skill level 5 in Air Magic
  3051 | D:3      | Found a radiant altar of Vehumet.
  3059 | D:3      | Found a stormy altar of Qazlal.
  3301 | D:3      | Reached skill level 5 in Spellcasting
  3729 | D:4      | Found a hide-covered altar of Uskayaw.
  3771 | D:4      | Found Plog's Food Shoppe.
  3824 | D:4      | Found Xazinah's Antique Weapon Shop.
  3890 | D:4      | Noticed Dowan
  3893 | D:4      | Noticed Duvessa
  3907 | D:4      | Slain by Duvessa

Vault maps used:
D:1:      co_arrival_square_in_a_square_in_a_square, minmay_strange_pillars,
          solitary_fountain, kennysheep_crisscross
D:2:      grunt_temple_overflow_order_and_chaos_2, okawaru_gym_becter,
          lemuel_round_altar
D:3:      grunt_qazlal_sundering, lemuel_round_altar, old_standard_altar,
          gup_sewer_entry_pipe
D:4:      lemuel_doored_altar, minmay_temple_entry_large_hall, first_ration,
          serial_shops, nicolae_shop_behind_doors,
          nicolae_shop_temple_entry_statues_fountains, shop, shop_fountains,
          nicolae_shop_trees, minivault_5, uniq_crazy_yiuf_cottage, uniq_robin,
          uniq_duvessa
Temple:   zaba_magenta_temple
Sewer:    sewer_big_baddie

Skill      XL: |  1  2  3  4  5  6 |
---------------+-------------------+-----
Air Magic      | 3 4 5 |  5.3
Spellcasting   | 3 4 5 |  5.2
Dodging        | |  1.5
Stealth        | |  1.5
Conjurations   | |  0.7

Action                   |  1- 3 |  4- 6 || total
-------------------------+-------+-------++-------
Melee: Dagger            |    70 |    65 ||   135
       Unarmed           |     1 |       ||     1
 Cast: Shock             |    36 |   127 ||   163
  Use: Scroll            |     1 |     4 ||     5
 Stab: Sleeping          |     2 |       ||     2
Armor: Robe              |    29 |    24 ||    53
Dodge: Dodged            |    74 |    84 ||   158

Table legend:
 A = Non-vault XP
 B = Vault XP
 C = Vault XP percentage of total XP
 D = Non-vault monster count
 E = Vault monster count
 F = Vault count percentage of total count
                 A         B        C        D         E       F
            +---------+---------+-------+---------+---------+-------
      Total |     404 |     161 |  28.5 |      74 |      14 |  15.9
            +---------+---------+-------+---------+---------+-------
        D:1 |      30 |       0 |   0.0 |      16 |       0 |   0.0
        D:2 |      60 |       0 |   0.0 |      18 |       0 |   0.0
        D:3 |     174 |      19 |   9.8 |      25 |       8 |  24.2
        D:4 |     140 |       0 |   0.0 |      15 |       0 |   0.0
      Sewer |       0 |     142 | 100.0 |       0 |       6 | 100.0
            +---------+---------+-------+---------+---------+-------
